 Dungeon Crawl Stone Soup version 0.27-a0-1332-g84bddb5ca7 (webtiles) character file.

Game seed: 2437423232792682704

4 lunkers the Firebug (level 1, -1/16 HPs)
             Began as an Ogre Fire Elementalist on June 25, 2021.
             Slain by a hobgoblin (3 damage)
             ... on level 1 of the Dungeon.
             The game lasted 00:00:47 (89 turns).

lunkers the Firebug (Ogre Fire Elementalist)          Turns: 89, Time: 00:00:48

Health: -1/16      AC:  3    Str: 11    XL:     1   Next: 60%
Magic:  0/4        EV:  9    Int: 16    God:
Gold:   0          SH:  0    Dex:  9    Spells: 4/5 levels left

rFire    . . .     SeeInvis .   (no weapon)
rCold    . . .     Faith    .   (no shield)
rNeg     . . .     Spirit   .   a - +0 robe
rPois    .         Reflect  .   (helmet restricted)
rElec    .         Harm     .   (no cloak)
rCorr    .         Rampage  .   (gloves unavailable)
Will     .....                  (boots unavailable)
Stlth    +.........             (no amulet)
HPRegen  0.05/turn              (no ring)
MPRegen  0.09/turn              (no ring)

@: no status effects
A: large, unfitting armour, tough skin 1
a: no special abilities


You were on level 1 of the Dungeon.
You visited 1 branch of the dungeon, and saw 1 of its levels.

Inventory:

Hand Weapons
 b - a +0 club
Armour
 a - a +0 robe (worn)


   Skills:
 - Level 1.7 Dodging
 - Level 1.4 Stealth
 + Level 2.5 Spellcasting
 * Level 1.2 Conjurations
 + Level 2.7 Fire Magic


You had 4 spell levels left.
You knew the following spells:

 Your Spells              Type           Power      Damage    Failure   Level
a - Foxfire               Conj/Fire      32%        2x1d5     9%          1

Your spell library contained the following spells:

 Spells                   Type           Power      Damage    Failure   Level
 Conjure Flame            Conj/Fire      8%         6-21      26%         3
 Inner Flame              Hex/Fire       6%         N/A       32%         3
 Sticky Flame             Conj/Fire      8%         2d3       65%         4
 Fireball                 Conj/Fire      4%         3d4       94%         5


Dungeon Overview and Level Annotations

Branches:
Dungeon (1/15)

Altars:


Innate Abilities, Weirdness & Mutations

You are too large for most types of armour.
You have tough skin. (AC +1)


Message History

There is an open door here.
There is an open door here.
The endoplasm freezes you.
You are frozen.
* * * LOW HITPOINT WARNING * * *
Casting: Foxfire (safe; 9% risk of failure)
Confirm with . or Enter, or press ? or * to list all spells.
You conjure some foxfire!
The foxfire hits the kobold but does no damage.
Unknown command.
You enter the shallow water.
Moving in this stuff is going to be slow.
The foxfire hits the endoplasm.
You kill the endoplasm!
Casting: Foxfire (safe; 9% risk of failure)
Confirm with . or Enter, or press ? or * to list all spells.
You conjure some foxfire!
* * * LOW MAGIC WARNING * * *
The foxfire hits the hobgoblin but does no damage. x2
The hobgoblin is engulfed in a cloud of scalding steam.
There is an open door here.
Found 13 gold pieces.
Casting: Foxfire (safe; 9% risk of failure)
Confirm with . or Enter, or press ? or * to list all spells.
You conjure some foxfire!
* * * LOW MAGIC WARNING * * *
The kobold hits you with a +0 dagger.
* * * LOW HITPOINT WARNING * * *
The foxfire hits the kobold.
You kill the kobold!
You start resting.
Your foxfire dissipates!
You start resting.
A hobgoblin is nearby!
Casting: Foxfire (safe; 9% risk of failure)
Confirm with . or Enter, or press ? or * to list all spells.
You conjure some foxfire!
* * * LOW MAGIC WARNING * * *
The hobgoblin hits you.
You die...

..∩....._.. #...........
............
#∩..∩..♣....
############..#........
##P#P♣....'.#..#........
♣.#P♣..≈≈≈#.............
#♣<....8≈###.#)vv.......
♣.#P♣..≈≈≈#...g@........
##P#P♣....'...##........
###########..##........
.....$.....>......
..................
..............($##
..................
................##
............##....


You could see a hobgoblin (ally target).

Vanquished Creatures
  An endoplasm (D:1)
  A goblin (D:1)
  A bat (D:1)
  A kobold (D:1)
4 creatures vanquished.

Vanquished Creatures (others)
  12 foxfires (D:1)
12 creatures vanquished.

Grand Total: 16 creatures vanquished

Notes
Turn   | Place    | Note
-------+----------+-------------------------------------------
     0 | D:1      | lunkers the Ogre Fire Elementalist began the quest for the
                  | Orb.
     0 | D:1      | Reached XP level 1. HP: 16/16 MP: 3/3
    15 | D:1      | Found a faded altar of an unknown god.
    34 | D:1      | Reached skill level 1 in Conjurations
    89 | D:1      | Slain by a hobgoblin

Illustrated notes

Levels and vault maps discovered:
D:1:      tarquinn_simple_flora_water_d, layout_rooms,
          hellmonk_ecumenical_altar_arch_garden, minmay_misc_feat_rows,
          minmay_fountain_box

Skill      XL: |  1 |
---------------+----+-----
Conjurations   | 1 |  1.2
Dodging        | |  1.7
Stealth        | |  1.4
Spellcasting   | |  2.5
Fire Magic     | |  2.7

Action                   || total
-------------------------++-------
Melee: Unarmed           ||     4
 Cast: Foxfire           ||     8
Armor: Robe              ||     4
Dodge: Dodged            ||     1

Table legend: (Time is in decaauts)
 A = Elapsed time spent in this place.
 B = Non-inter-level travel time spent in this place.
 C = Inter-level travel time spent in this place.
 D = Time resting spent in this place.
 E = Time spent auto-exploring this place.
 F = Levels seen in this place.
 G = Mean time per level.
                   A        B        C        D        E       F      G
               +--------+--------+--------+--------+--------+-----+--------+
         Total |     91 |     91 |      0 |      3 |     16 |   1 |   91.0 |
       Dungeon |     91 |     91 |      0 |      3 |     16 |   1 |   91.0 |
               +--------+--------+--------+--------+--------+-----+--------+

Top non-repeatable levels by time:
     D:1: 91 daAuts
